 Dungeon Crawl Stone Soup version 0.20.1-1-g8b1a95d (webtiles) character file.

439215 LittCuttar the Hoplite (level 22, -2/155 HPs)
             Began as a Minotaur Fighter on Oct 21, 2017.
             Was the Champion of Okawaru.
             Killed from afar by an acid blob (6 damage)
             ... with a splash of acid
             ... on level 5 of the Pits of Slime.
             The game lasted 03:11:55 (39203 turns).

LittCuttar the Hoplite (Minotaur Fighter)          Turns: 39203, Time: 03:11:55

Health: -2/155     AC: 13    Str: 26    XL:     22   Next: 99%
Magic:  0/26       EV: 15    Int:  3    God:    Okawaru [******]
Gold:   4017       SH: 29    Dex: 13    Spells: 21/21 levels left

rFire    + . .     SeeInvis .   x - +9 broad axe "Alya" {protect, Str+3}
rCold    + . .     Gourm    .   U - +5 shield {reflect}
rNeg     + . .     Faith    .   p - +0 gold dragon scales
rPois    +         Spirit   +   z - +2 hat of the Bear Spirit {Spirit, +Rage rN+ MR++}
rElec    +         Reflect  +   u - +3 cloak of the Volcano {rPois Str-5 Int+4}
rCorr    +         Harm     .   v - +0 pair of gloves "Cuwammifuth" {rElec Int-3 Dex+4}
MR       +++..                  M - +0 pair of boots
Stlth    ..........             h - +5 amulet of reflection
Regen    0.8/turn               c - ring "Goirghucw" {rCorr Int+3}
MPRegen  0.2/turn               w - ring "Geuniyl" {Int-5 Slay+4 Stlth+}

@: mighty, heroism, corroded, protection aura, berserk cooldown, starving,
hasted and slowed
A: retaliatory headbutt, horns 2, slimy green scales 1, yellow scales 1, blurry
vision 1, clumsy 2, deformed body, dopey 1, frail 3, regeneration 1, weak 2
}: 2/15 runes: decaying, gossamer
a: Heroism, Finesse, Renounce Religion, Evoke Berserk Rage


You were on level 5 of the Pits of Slime.
You worshipped Okawaru.
Okawaru was exalted by your worship.
You were starving.

You visited 8 branches of the dungeon, and saw 44 of its levels.
You visited the Abyss 1 time.
You also visited: Ice Cave and Volcano.

You collected 4073 gold pieces.
You spent 56 gold pieces at shops.

Inventory:

Hand Weapons
 i - the +10 zealot's sword {holy, *Rage rN+ EV+3}
   (You found it on level 5 of the Lair of Beasts)

   It has been blessed by the Shining One to cause great damage to the undead
   and demons.
   It affects your evasion (+3).
   It protects you from negative energy.
   It may make you go berserk in combat.
 x - the +9 broad axe "Alya" (weapon) {protect, Str+3}
   (You found it on level 6 of the Lair of Beasts)

   It protects the one who uses it against injury (+AC on strike).
   It affects your strength (+3).
 P - the +8 frozen axe "Frostbite" {freezing cloud, *Noise +Fly rC+}
   (You found it on level 3 of the Depths)

   It has been specially enchanted to freeze those struck by it, causing extra
   injury to most foes and up to half again as much damage against particularly
   susceptible opponents.
   It can also slow down cold-blooded creatures.
   It protects you from cold.
   It lets you fly.
   It may make noises in combat.
 R - the +3 war axe of Wariness {flame, +Rage rF+}
   (You found it on level 7 of the Dungeon)

   It has been specially enchanted to burn those struck by it, causing extra
   injury to most foes and up to half again as much damage against particularly
   susceptible opponents.
   Big, fiery blades are also staple armaments of hydra-hunters.
   It protects you from fire.
   It lets you go berserk.
Armour
 p - +0 gold dragon scales (worn)
 u - the +3 cloak of the Volcano (worn) {rPois Str-5 Int+4}
   (You acquired it on level 1 of the Depths)

   It affects your strength (-5).
   It affects your intelligence (+4).
   It protects you from poison.
 v - the +0 pair of gloves "Cuwammifuth" (worn) {rElec Int-3 Dex+4}
   (You found it on level 2 of the Depths)

   It affects your intelligence (-3).
   It affects your dexterity (+4).
   It insulates you from electricity.
 z - the +2 hat of the Bear Spirit (worn) {Spirit, +Rage rN+ MR++}
   (You found it on level 3 of the Swamp)

   It protects you from negative energy.
   It affects your resistance to hostile enchantments.
   It lets you go berserk.
 B - +1 acid dragon scales
 C - a +1 crystal plate armour
 M - a +0 pair of boots (worn)
 N - a +2 large shield of fire resistance
 U - a +5 shield of reflection (worn)
Jewellery
 c - the ring "Goirghucw" (left hand) {rCorr Int+3}
   (You found it on level 4 of the Depths)

   [ring of resist corrosion]

   It affects your intelligence (+3).
 h - a +5 amulet of reflection (around neck)
 w - the ring "Geuniyl" (right hand) {Int-5 Slay+4 Stlth+}
   (You found it on level 4 of the Dungeon)

   [ring of stealth]

   It affects your intelligence (-5).
   It affects your accuracy and damage with ranged weapons and melee attacks
   (+4).
   It makes you more stealthy.
 D - a +3 ring of evasion
 J - the amulet of the Lion {Faith +Blink rElec Str+6 Dex-3}
   (You found it on level 4 of the Depths)

   [amulet of faith]

   It allows you to gain divine favour quickly.
   It affects your strength (+6).
   It affects your dexterity (-3).
   It insulates you from electricity.
   It lets you blink.
 T - the ring "Innegresh" {rC++ rN++ Int-4 SInv}
   (You found it on level 4 of the Depths)

   [ring of see invisible]

   It affects your intelligence (-4).
   It greatly protects you from cold.
   It greatly protects you from negative energy.
   It lets you see invisible.
Wands
 b - a wand of lightning (10/15)
 L - a wand of digging (19/24)
 S - a wand of disintegration (16/24)
Scrolls
 a - 3 scrolls of fog
 e - 9 scrolls of recharging
 l - 10 scrolls of identify
 o - 4 scrolls of blinking
 q - 10 scrolls of teleportation
 r - 3 scrolls of enchant weapon
 s - 27 scrolls of remove curse
 H - 7 scrolls of magic mapping
 V - 2 scrolls of holy word
 Z - a scroll of summoning
Potions
 d - 4 potions of might
 g - 11 potions of flight
 j - 3 potions of brilliance
 k - 16 potions of curing
 n - 4 potions of resistance
 A - 5 potions of heal wounds
 E - a potion of ambrosia
 I - 2 potions of invisibility
 O - 2 potions of magic
 Q - 2 potions of cancellation
 W - 5 potions of haste
 X - a potion of agility
 Y - 3 potions of berserk rage
Miscellaneous
 t - a lightning rod (4/4)
Comestibles
 f - 18 bread rations
 m - 36 royal jellies
 G - 30 fruits
 K - 11 meat rations


   Skills:
 - Level 23.9(27) Fighting
 - Level 18.4(23.4) Axes
 - Level 19.8(24.8) Armour
 + Level 13.3(18.3) Dodging
 + Level 7.6(12.6) Stealth
 - Level 24.7(27) Shields
 - Level 6.9 Invocations
 - Level 2.8 Evocations


You had 21 spell levels left.
You didn't know any spells.

Dungeon Overview and Level Annotations

Branches:
Dungeon (15/15)            Temple (0/1) D:6            Lair (6/6) D:9
  Swamp (4/4) Lair:4       Spider (4/4) Lair:4        Slime (5/5) Lair:6
    Orc (2/2) D:11            Elf (3/3) Orc:2        Vaults (0/5) D:14
 Depths (5/5) D:15            Zot (0/5) Depths:5

Altars:
Ashenzari
Dithmenos
Elyvilon
Okawaru
Xom
The Shining One
Beogh
Jiyva
Lugonu

Shops:
D:8 (   D:15 :   Orc:2 }%?:   Elf:1 :   Depths:1 *=}=

Portals:
Hell: Depths:1 Depths:2 Depths:3 Depths:4 Depths:5
Abyss: Depths:4
Pandemonium: Depths:3
Ziggurat: Depths:3

Annotations:
Elf:2 1 runed door


Innate Abilities, Weirdness & Mutations

You reflexively headbutt those who attack you in melee.
You have a pair of horns on your head.
You are partially covered in slimy green scales. (AC +2)
You are partially covered in yellow scales. (AC +2)
Scrolls take you a little longer to read.
You are very clumsy. (Dex -4)
Armour fits poorly on your strangely shaped body.
You are dopey. (Int -2)
You are extremely frail. (-30% HP)
Your natural rate of healing is unusually fast.
You are very weak. (Str -4)


Message History

The golden eye blinks at you. You resist with almost no effort.
You block the acid blob's attack. x2
The acid blob hits you but does no damage.
You block the azure jelly's attack.
The azure jelly hits you but does no damage.
You block the azure jelly's attack. The azure jelly barely misses you.
The acid blob spits acid at you. The splash of acid hits you!
You are splashed with acid!
The acid burns!
You resist.
* * * LOW HITPOINT WARNING * * *
The golden eye blinks at you. You resist with almost no effort.
The acid blob hits you but does no damage.
The acid blob hits you!
* * * LOW HITPOINT WARNING * * *
The acid corrodes you!
You are splashed with acid!
The acid burns!
You resist.
* * * LOW HITPOINT WARNING * * *
The acid blob spits acid at you. The splash of acid hits you! You resist.
You die...

.....................
.....................
....................
...................
..#####.####...... .
#..# #.... # #G##
##.. #%|=##..##$|(##.
#$:$[(.J@J!)"|!#
#($)(.JJJJ.|)$(#
##/?.}.JG.).))##
##..........##
#............#
................
###..........###
?$.}....:.?[


You could see 4 acid blobs, an azure jelly, 2 slime creatures, a shining eye and
a golden eye.

Vanquished Creatures
  the Royal Jelly (Slime:5)
  A juggernaut (Depths:5)
  Sojobo (Depths:4)
  The ghost of Erymatos the Hoplite, a veteran MiBe of Trog (Slime:3)
  3 golden dragons
  Nikola (Spider:1)
  A bone dragon (Depths:5)
  Jory (Depths:5)
  Jorgrun (Depths:2)
  A lich (Depths:4)
  A tentacled monstrosity (Depths:4)
  Rupert (Spider:1)
  Asterion (Orc:2)
  A titan (Depths:4)
  5 acid blobs
  3 deep elf blademasters
  A deep elf master archer (Elf:3)
  A tentacled starspawn (Abyss:3)
  4 sphinxes
  6 tengu reavers
  Kirke (Swamp:1)
  2 thorn hunters (Swamp:4)
  Donald (Orc:2)
  2 storm dragons
  12 azure jellies
  6 fire giants
  3 ghost moths
  11 frost giants
  2 iron dragons
  An orc warlord (Orc:2)
  5 emperor scorpions
  A draconian shifter (Depths:5)
  7 deep elf sorcerers
  Aizul (Swamp:1)
  2 cacodemons (Abyss:3)
  A balrug (Abyss:3)
  5 deep elf elementalists (Elf:3)
  A draconian annihilator (Depths:5)
  A reaper (Depths:3)
  2 vampire knights
  A draconian stormcaller (Depths:5)
  2 spriggan defenders (Depths:5)
  5 entropy weavers
  12 stone giants
  14 very ugly things
  A green draconian (Depths:5)
  5 deep elf demonologists (Elf:3)
  A yellow draconian (Depths:5)
  A white draconian (Depths:5)
  A purple draconian (Depths:5)
  Azrael (Spider:2)
  5 deep elf annihilators (Elf:3)
  16 spark wasps
  The ghost of OdinFK the Tortoise, a journeyman MiBe of Trog (IceCv)
  A green death (Abyss:3)
  8 deep elf death magi
  7 ettins
  7 fire dragons
  8 death oozes
  4 deep elf high priests
  6 yaktaur captains
  13 great orbs of eyes
  62 slime creatures
  Erolcha (D:9)
  23 hydras
  2 ogre magi
  2 rakshasas
  7 ice dragons
  6 spriggan air magi
  Erica (Lair:2)
  A catoblepas (Lair:3)
  6 centaur warriors
  3 ghost crabs
  29 dancing weapons
  17 two-headed ogres
  12 deep troll earth magi
  7 alligators
  6 orc high priests
  8 tengu warriors
  A queen ant (Spider:2)
  8 deep troll shamans
  A vampire mage (Depths:2)
  Urug (D:11)
  3 spriggan berserkers (Depths:5)
  4 thrashing horrors
  A hell knight (Volcano)
  9 deep elf knights
  6 iron trolls
  A sixfirhy (Depths:3)
  4 skeletal warriors (D:14)
  3 flayed ghosts
  3 unseen horrors
  7 swamp dragons
  A torturous demonspawn (Depths:3)
  A spriggan druid (Swamp:3)
  4 glowing orange brains
  A gelid demonspawn (Depths:3)
  25 deep trolls
  A lindwurm (Lair:6)
  3 wizards
  9 deep elf archers
  A necromancer (Depths:1)
  15 orb spiders
  4 orc knights (Orc:2)
  33 ugly things
  An iron dragon zombie (Depths:1)
  4 shining eyes
  5 orc sorcerers (Orc:2)
  29 wolf spiders
  A worldbinder (Abyss:3)
  A faun (shapeshifter) (Depths:2)
  50 deep elf magi
  4 moths of wrath
  4 oklob plants
  3 cyclopes
  2 manticores
  A frost giant skeleton (Depths:1)
  4 elephants (Lair:5)
  6 black mambas
  A black mamba (shapeshifter) (Depths:2)
  A smoke demon (Volcano)
  A torpor snail (Spider:1)
  3 eyes of devastation
  5 molten gargoyles
  An orange demon (Abyss:2)
  2 gargoyles
  5 spectral swamp worms (Depths:5)
  11 spiny frogs
  15 demonic crawlers
  3 rime drakes (Lair:6)
  A rime drake (shapeshifter) (Depths:1)
  12 komodo dragons
  17 yaktaurs
  2 tengu conjurers
  A polar bear (Lair:4)
  An efreet (Abyss:2)
  4 guardian mummies (Depths:5)
  A queen bee (Lair:2)
  A queen bee (shapeshifter) (Depths:2)
  3 red devils (Volcano)
  30 jumping spiders
  7 trolls
  11 hornets
  A dream sheep (shapeshifter) (Depths:4)
  5 tyrant leeches
  A fire giant simulacrum (Depths:1)
  10 bog bodies
  A raiju (Abyss:3)
  6 hippogriffs
  A raiju (shapeshifter) (D:14)
  A meliai zombie (D:15)
  31 blink frogs
  58 redbacks
  A stone giant simulacrum (Depths:1)
  17 air elementals
  A spriggan (shapeshifter) (Depths:2)
  32 tarantellas
  A wraith (D:12)
  4 wyverns
  8 water elementals
  2 shadows
  A yak (shapeshifter) (D:14)
  45 yaks
  5 spriggans
  4 hogs (Swamp:2)
  A neqoxec (Abyss:3)
  A tarantella (shapeshifter) (Depths:2)
  7 basilisks
  A fire bat (shapeshifter) (D:15)
  7 fire bats (Volcano)
  2 basilisks (shapeshifter)
  5 fire elementals
  The ghost of Araratina the Shield-Bearer, an amateur HuFi (D:4)
  14 vampire mosquitoes
  A steam dragon (D:11)
  8 hungry ghosts
  2 chaos spawn (Depths:3)
  25 swamp worms
  3 wargs (Orc:2)
  Grum (D:9)
  4 small abominations (Abyss:3)
  5 insubstantial wisps
  17 soldier ants
  A soldier ant (shapeshifter) (Depths:1)
  6 hell hounds
  5 porcupines
  13 water moccasins
  54 orc warriors
  3 large abominations
  4 sky beasts
  A floating eye (Depths:4)
  17 swamp drakes
  3 black bears
  3 eyes of draining
  A deep troll simulacrum (Depths:1)
  16 ice beasts
  A black bear (shapeshifter) (Depths:5)
  A necrophage (D:5)
  An eye of draining (shapeshifter) (Elf:1)
  2 phantoms
  22 ogres
  9 wolves
  12 boggarts
  12 centaurs
  19 crocodiles
  5 big kobolds
  Blork the orc (D:6)
  18 bullfrogs
  A wyvern zombie (D:10)
  2 earth elementals (Elf:2)
  21 killer bees
  9 howler monkeys
  13 wights
  4 electric eels
  7 crimson imps
  9 lava snakes
  5 centaur zombies
  A bullfrog zombie (D:3)
  A quasit (Depths:3)
  3 centaur skeletons
  5 hounds
  30 orc priests
  7 jellies
  Crazy Yiuf (D:6)
  An iron imp (Depths:3)
  A bullfrog skeleton (D:4)
  A gnoll shaman (D:10)
  6 iguanas
  Ijyb (D:5)
  15 orc wizards
  32 worker ants
  A hound skeleton (D:5)
  2 hound zombies
  4 mummies (Depths:5)
  3 howler monkey zombies
  6 gnolls
  A howler monkey skeleton (D:4)
  16 adders
  8 shadow imps
  3 ufetubi (Depths:3)
  6 oozes
  5 worms
  6 dart slugs
  6 leopard geckos
  111 orcs
  3 giant cockroaches
  3 goblins
  8 hobgoblins
  11 jackals
  36 kobolds
  3 quokkas
  2 ball pythons
  10 bats
  10 frilled lizards
  7 rats
  3 crawling corpses (Elf:3)
  2 fungi
  A plant (Lair:6)
  A starspawn tentacle (Abyss:3)
1845 creatures vanquished.

Vanquished Creatures (others)
  A deep elf master archer (Elf:3)
  A fire giant (Depths:2)
  A stone giant (Depths:1)
  A hydra (Swamp:4)
  A centaur warrior (Depths:1)
  A deep elf knight (Elf:2)
  2 deep elf archers
  3 yaktaurs
  2 redbacks (Spider:4)
  5 insubstantial wisps (Swamp:4)
  2 boggarts
  3 centaurs (Depths:2)
  A worker ant (Spider:2)
  4 fungi
  5 plants (Lair:6)
  6 starspawn tentacles
39 creatures vanquished.

Grand Total: 1884 creatures vanquished

Notes
Turn   | Place    | Note
-------+----------+-------------------------------------------
     0 | D:1      | LittCuttar the Minotaur Fighter began the quest for the Orb.
     0 | D:1      | Reached XP level 1. HP: 19/19 MP: 0/0
   235 | D:1      | Reached XP level 2. HP: 23/27 MP: 1/1
   288 | D:1      | You fall through a shaft!
   810 | D:1      | Reached XP level 3. HP: 32/33 MP: 2/2
   959 | D:1      | Reached skill level 4 in Shields
  1387 | D:2      | Reached XP level 4. HP: 37/40 MP: 3/3
  2404 | D:4      | Reached XP level 5. HP: 45/47 MP: 4/4
  2568 | D:4      | Got a slimy steel ring
  2664 | D:4      | Noticed Araratina's ghost (amateur HuFi)
  2678 | D:4      | Killed Araratina's ghost
  2678 | D:4      | Reached skill level 5 in Axes
  2678 | D:4      | Reached skill level 5 in Armour
  2678 | D:4      | Reached XP level 6. HP: 44/55 MP: 5/5
  2686 | D:4      | Lost intelligence.
  2686 | D:4      | Identified the ring "Geuniyl" {Int-5 Slay+4 Stlth+} (You found it on level 4 of the Dungeon)
  2768 | D:4      | Reached skill level 5 in Fighting
  2827 | D:4      | Reached XP level 7. HP: 47/61 MP: 6/6
  3205 | D:5      | Entered Level 5 of the Dungeon
  3365 | D:5      | Noticed Ijyb
  3372 | D:5      | Killed Ijyb
  3437 | D:5      | Found a shimmering altar of Xom.
  3770 | D:6      | Noticed Blork the orc
  3781 | D:6      | Reached XP level 8. HP: 40/70 MP: 7/7
  3785 | D:6      | Killed Blork the orc
  4006 | D:6      | You fall through a shaft for 3 floors!
  4378 | D:8      | Found Congaroch's Weapon Shop.
  4396 | D:8      | Noticed a two-headed ogre
  4403 | D:8      | Killed a two-headed ogre
  4403 | D:8      | Reached XP level 9. HP: 65/79 MP: 8/8
  4747 | D:7      | Noticed a two-headed ogre
  4753 | D:7      | Killed a two-headed ogre
  4753 | D:7      | Reached skill level 10 in Axes
  4753 | D:7      | Reached skill level 10 in Armour
  5290 | D:7      | Reached XP level 10. HP: 90/90 MP: 9/9
  5330 | D:6      | Found an iron altar of Okawaru.
  5330 | D:6      | Noticed an oklob plant
  5335 | D:6      | Killed an oklob plant
  5351 | D:6      | Became a worshipper of Warmaster Okawaru
  5368 | D:6      | Found a staircase to the Ecumenical Temple.
  5652 | D:6      | Found a runed door.
  5682 | D:6      | Noticed Crazy Yiuf
  5685 | D:6      | Killed Crazy Yiuf
  5844 | D:7      | Got a fine war axe
  5847 | D:7      | Identified the +3 war axe of Wariness {flame, +Rage rF+} (You found it on level 7 of the Dungeon)
  6185 | D:9      | Found a staircase to the Lair.
  6440 | D:9      | Noticed Erolcha
  6441 | D:9      | Paralysed by Erolcha for 7 turns
  6453 | D:9      | Paralysed by Erolcha for 5 turns
  6463 | D:9      | Killed Erolcha
  6463 | D:9      | Reached * piety under Okawaru
  7127 | D:9      | Reached ** piety under Okawaru
  7151 | D:9      | Noticed Grum
  7168 | D:9      | Killed Grum
  7480 | D:10     | Entered Level 10 of the Dungeon
  7487 | D:10     | Reached XP level 11. HP: 97/97 MP: 10/10
  8121 | D:11     | Noticed Urug
  8130 | D:11     | Reached *** piety under Okawaru
  8134 | D:11     | Killed Urug
  8134 | D:11     | Reached skill level 10 in Fighting
  8134 | D:11     | Reached skill level 5 in Shields
  8319 | D:11     | Noticed a cyan ugly thing
  8328 | D:11     | Killed a cyan ugly thing
  8346 | D:11     | Killed an unseen horror
  8346 | D:11     | Reached **** piety under Okawaru
  8532 | D:11     | Reached skill level 6 in Shields
  8544 | D:11     | Gained mutation: Your natural rate of healing is unusually fast. [potion of mutation]
  8544 | D:11     | Gained mutation: Your movements are slightly less encumbered by armour. (ER -2) [potion of mutation]
  8577 | D:11     | Lost intelligence.
  8641 | D:11     | Found a white marble altar of Elyvilon.
  8708 | D:11     | Noticed a two-headed ogre
  8727 | D:11     | Killed a two-headed ogre
  8727 | D:11     | Received a gift from Okawaru
  8947 | D:11     | Reached skill level 7 in Shields
  9076 | D:11     | Found a staircase to the Orcish Mines.
  9091 | D:11     | Lost mutation: Your movements are slightly less encumbered by armour. (ER -2) [potion of mutation]
  9091 | D:11     | Gained mutation: You are partially covered in slimy green scales. (AC +2) [potion of mutation]
  9091 | D:11     | Gained mutation: You are partially covered in yellow scales. (AC +2) [potion of mutation]
  9091 | D:11     | Gained mutation: Your muscles are strong. (Str +2) [potion of mutation]
  9146 | D:12     | Reached ***** piety under Okawaru
  9180 | D:12     | Reached XP level 12. HP: 104/108 MP: 11/11
  9416 | D:12     | Reached skill level 8 in Shields
  9433 | D:12     | Noticed a two-headed ogre
  9439 | D:12     | Received a gift from Okawaru
  9441 | D:12     | Killed a two-headed ogre
  9679 | D:12     | Found a frozen archway.
  9707 | IceCv    | Entered an ice cave
  9708 | IceCv    | Found a transporter.
  9749 | IceCv    | Noticed OdinFK's ghost (journeyman MiBe)
  9776 | IceCv    | Killed OdinFK's ghost
  9776 | IceCv    | Reached skill level 15 in Axes
  9776 | IceCv    | Reached skill level 9 in Shields
  9981 | D:12     | Received a gift from Okawaru
 10292 | D:13     | Noticed a centaur warrior
 10296 | D:13     | Killed a centaur warrior
 10296 | D:13     | Reached skill level 1 in Invocations
 10411 | D:13     | Noticed a two-headed ogre
 10417 | D:13     | Killed a two-headed ogre
 10417 | D:13     | Received a gift from Okawaru
 10417 | D:13     | Reached skill level 10 in Shields
 10677 | D:13     | Noticed a two-headed ogre
 10682 | D:13     | Killed a two-headed ogre
 11306 | D:14     | Noticed a two-headed ogre
 11310 | D:14     | Killed a two-headed ogre
 11310 | D:14     | Reached XP level 13. HP: 117/117 MP: 14/14
 11319 | D:14     | Reached skill level 11 in Shields
 11333 | D:14     | Reached ****** piety under Okawaru
 11700 | D:14     | Received a gift from Okawaru
 11730 | D:14     | Found a shattered altar of Ashenzari.
 11801 | D:14     | Found a gate to the Vaults.
 12171 | D:15     | Entered Level 15 of the Dungeon
 12182 | D:15     | Found a shadowy altar of Dithmenos.
 12205 | D:15     | Reached skill level 12 in Shields
 12226 | D:15     | Found Jyid's Book Boutique.
 12306 | D:15     | Reached skill level 5 in Invocations
 12518 | D:15     | Reached skill level 15 in Armour
 13010 | D:15     | Reached skill level 13 in Shields
 13096 | D:15     | Found a staircase to the Depths.
 13212 | D:12     | Reached XP level 14. HP: 126/129 MP: 17/17
 13311 | Lair:1   | Entered Level 1 of the Lair of Beasts
 13659 | Lair:1   | Received a gift from Okawaru
 14359 | Lair:2   | Noticed Erica
 14364 | Lair:2   | Killed Erica
 14870 | Lair:3   | Got a shimmering robe
 14875 | Lair:3   | Identified the cursed +1 robe of Togukk Bakko {rC+ Int+3 Stlth+} (You found it on level 3 of the Lair of Beasts)
 14970 | Lair:3   | Got a fabulously ornate robe
 14971 | Lair:3   | Identified the +2 robe of Context {rElec rF+ Dex+7} (You found it on level 3 of the Lair of Beasts)
 15214 | Lair:3   | Found a dark tunnel.
 15219 | Volcano  | Entered a volcano
 15363 | Volcano  | Found a burning altar of Makhleb.
 15372 | Volcano  | Reached skill level 14 in Shields
 16024 | Lair:4   | Received a gift from Okawaru
 16151 | Lair:4   | Found a hole to the Spider Nest.
 16338 | Lair:4   | Found a staircase to the Swamp.
 16342 | Lair:4   | Reached skill level 1 in Dodging
 16497 | Lair:4   | Reached skill level 1 in Evocations
 17651 | Lair:6   | Entered Level 6 of the Lair of Beasts
 17651 | Lair:6   | Found a runed door.
 17651 | Lair:6   | Found a viscous altar of Jiyva.
 17651 | Lair:6   | Noticed an azure jelly
 17665 | Lair:6   | Noticed an azure jelly
 17665 | Lair:6   | Noticed an azure jelly
 17704 | Lair:6   | Found a staircase to the Slime Pits.
 17704 | Lair:6   | Noticed an azure jelly
 17714 | Lair:6   | Got a smoking broad axe
 17715 | Lair:6   | Identified the +9 broad axe "Alya" {protect, Str+3} (You found it on level 6 of the Lair of Beasts)
 17801 | Lair:6   | Killed an azure jelly
 17801 | Lair:6   | Reached XP level 15. HP: 96/138 MP: 18/18
 17805 | Lair:6   | Killed an azure jelly
 17805 | Lair:6   | Reached skill level 15 in Shields
 17810 | Lair:6   | Killed an azure jelly
 17817 | Lair:6   | Killed an azure jelly
 18627 | Lair:6   | Received a gift from Okawaru
 18668 | Lair:6   | Found a large runed door.
 18669 | Lair:6   | Found a large runed door.
 19194 | Orc:1    | Entered Level 1 of the Orcish Mines
 19312 | Orc:2    | Entered Level 2 of the Orcish Mines
 19507 | Orc:2    | Found a roughly hewn altar of Beogh.
 19582 | Orc:2    | Found Lyludext's Gadget Emporium.
 19588 | Orc:2    | Reached skill level 16 in Shields
 19599 | Orc:2    | Found Emudd's Food Shoppe.
 19606 | Orc:2    | Reached skill level 15 in Fighting
 19742 | Orc:2    | Noticed Donald
 19752 | Orc:2    | Killed Donald
 19860 | Orc:2    | Noticed an orc warlord
 19876 | Orc:2    | Killed an orc warlord
 19921 | Orc:2    | Found a roughly hewn altar of Beogh.
 19992 | Orc:2    | Found Plog's Book Shoppe.
 20100 | Orc:2    | Found Bigorur's Magic Scroll Shop.
 20123 | Orc:2    | Bought a scroll of identify for 28 gold pieces
 20123 | Orc:2    | Bought a scroll of identify for 28 gold pieces
 20359 | Orc:2    | Found a staircase to the Elven Halls.
 20851 | Elf:1    | Entered Level 1 of the Elven Halls
 20851 | Elf:1    | Noticed Asterion
 20851 | Elf:1    | Noticed a deep elf sorcerer
 20862 | Orc:2    | Noticed an Executioner
 20871 | Orc:2    | Killed Asterion
 20871 | Orc:2    | Received a gift from Okawaru
 20905 | Elf:1    | Killed a deep elf sorcerer
 20905 | Elf:1    | Reached XP level 16. HP: 112/149 MP: 20/20
 20980 | Elf:1    | Found Uptiuw's Book Emporium.
 21204 | Elf:1    | Reached skill level 17 in Shields
 21561 | Elf:1    | Received a gift from Okawaru
 22125 | Elf:2    | Found a runed door.
 22168 | Elf:2    | Found a runed door.
 22195 | Elf:2    | Reached skill level 18 in Shields
 22208 | Elf:2    | Received a gift from Okawaru
 22471 | Elf:2    | Noticed a deep elf blademaster
 22484 | Elf:2    | Killed a deep elf blademaster
 22664 | Elf:2    | Reached XP level 17. HP: 157/160 MP: 21/21
 22766 | Elf:3    | Entered Level 3 of the Elven Halls
 22971 | Elf:3    | Reached skill level 19 in Shields
 22975 | Elf:3    | Received a gift from Okawaru
 22982 | Elf:3    | Noticed a deep elf blademaster
 22987 | Elf:3    | Noticed a deep elf master archer
 22990 | Elf:3    | Noticed a Brimstone Fiend
 22992 | Elf:3    | Killed a deep elf blademaster
 23104 | Elf:3    | Identified the Grimoire of the Frostbite
 23148 | Elf:3    | Received a gift from Okawaru
 23213 | Elf:3    | Noticed a deep elf blademaster
 23224 | Elf:3    | Killed a deep elf blademaster
 23241 | Elf:3    | Killed a deep elf master archer
 23246 | Elf:3    | Noticed a deep elf master archer
 23247 | Elf:3    | Killed a deep elf master archer
 23260 | Elf:3    | Lost intelligence.
 23397 | Elf:3    | Reached skill level 20 in Shields
 23528 | Elf:3    | Cast into level 2 of the Abyss (a deep elf sorcerer)
 23650 | Abyss:2  | Noticed a Hell Sentinel
 23967 | Abyss:3  | Received a gift from Okawaru
 24006 | Abyss:3  | Gained mutation: You are frail. (-10% HP) [a cacodemon]
 24017 | Abyss:3  | Gained mutation: You are very frail. (-20% HP) [a cacodemon]
 24022 | Abyss:3  | Paralysed by accursed screaming for 1 turns
 24025 | Abyss:3  | Paralysed by accursed screaming for 1 turns
 24027 | Abyss:3  | Paralysed by accursed screaming for 2 turns
 24036 | Abyss:3  | Paralysed by accursed screaming for 2 turns
 24102 | Abyss:3  | Gained mutation: You are clumsy. (Dex -2) [a cacodemon]
 24123 | Elf:3    | Escaped the Abyss
 24140 | Elf:3    | HP: 9/195 [deep elf archer/arrow (14)]
 24456 | Elf:3    | Reached XP level 18. HP: 127/136 MP: 22/22
 25428 | Swamp:1  | Entered Level 1 of the Swamp
 25448 | Swamp:1  | Received a gift from Okawaru
 25619 | Swamp:1  | Noticed Aizul
 25640 | Swamp:1  | Killed Aizul
 26350 | Swamp:2  | Noticed Kirke
 26514 | Swamp:2  | Reached skill level 21 in Shields
 26880 | Swamp:1  | Killed Kirke
 27377 | Swamp:3  | Received a gift from Okawaru
 27856 | Swamp:4  | Entered Level 4 of the Swamp
 28317 | Swamp:4  | Received a gift from Okawaru
 28489 | Swamp:4  | Got a decaying rune of Zot
 28525 | Swamp:4  | Reached skill level 22 in Shields
 28913 | Spider:1 | Entered Level 1 of the Spider Nest
 28924 | Spider:1 | Noticed Rupert
 28931 | Spider:1 | Killed Rupert
 29362 | Spider:1 | Reached XP level 19. HP: 145/145 MP: 9/23
 29430 | Spider:1 | Noticed Nikola
 29743 | Spider:1 | Killed Nikola
 30047 | Spider:2 | Noticed Azrael
 30058 | Spider:2 | Killed Azrael
 30238 | Spider:2 | Received a gift from Okawaru
 31633 | Spider:4 | Entered Level 4 of the Spider Nest
 31699 | Spider:4 | Received a gift from Okawaru
 32434 | Spider:4 | Got a gossamer rune of Zot
 33027 | Depths:1 | Entered Level 1 of the Depths
 33128 | Depths:1 | Reached XP level 20. HP: 129/154 MP: 21/24
 33199 | Depths:1 | Found a gateway to Hell.
 33248 | Depths:1 | Reached skill level 5 in Dodging
 33480 | Depths:1 | Found Piemo's Jewellery Emporium.
 33480 | Depths:1 | Found Vauxkan's Gadget Shop.
 33481 | Depths:1 | Found Caselag's Jewellery Emporium.
 33506 | Depths:1 | Found Joerph's Elemental Accessories.
 33559 | Depths:1 | Received a gift from Okawaru
 33582 | Depths:1 | Identified a scroll of acquirement
 33585 | Depths:1 | Got an ichor-stained cloak
 33596 | Depths:1 | Identified the +3 cloak of the Volcano {rPois Str-5 Int+4} (You acquired it on level 1 of the Depths)
 33628 | Depths:2 | Noticed Jorgrun
 33642 | Depths:2 | Killed Jorgrun
 34011 | Depths:2 | Received a gift from Okawaru
 34088 | Depths:2 | Got a slimy war axe {god gift}
 34089 | Depths:2 | Identified the +1 war axe of Corporal Punishment {vamp, Str+4} (Okawaru gifted it to you on level 2 of the Depths)
 34200 | Depths:2 | Noticed a golden dragon
 34216 | Depths:2 | Killed a golden dragon
 34243 | Depths:2 | Reached skill level 10 in Dodging
 34264 | Depths:2 | Received a gift from Okawaru
 34309 | Depths:2 | Noticed a golden dragon
 34325 | Depths:2 | Killed a golden dragon
 34325 | Depths:2 | Reached XP level 21. HP: 150/164 MP: 22/25
 34401 | Depths:2 | Got a pair of ichor-stained gloves
 34407 | Depths:2 | Identified the +0 pair of gloves "Cuwammifuth" {rElec Int-3 Dex+4} (You found it on level 2 of the Depths)
 34538 | Depths:2 | Reached skill level 23 in Shields
 35209 | Depths:3 | Got a crude bronze ring
 35210 | Depths:3 | Identified the ring "Urphifa" {Wiz *Contam +Inv rPois Dex+2 Stlth-} (You found it on level 3 of the Depths)
 35324 | Depths:3 | Found a gateway to a ziggurat.
 35489 | Depths:3 | Found a glowing golden altar of the Shining One.
 35696 | Depths:3 | Found a one-way gate leading to the halls of Pandemonium.
 35813 | Depths:4 | Found a corrupted altar of Lugonu.
 35813 | Depths:4 | Found a one-way gate to the infinite horrors of the Abyss.
 35848 | Depths:4 | Noticed Sojobo
 35865 | Depths:4 | Killed Sojobo
 36045 | Depths:4 | Received a gift from Okawaru
 36167 | Depths:4 | Received a gift from Okawaru
 36168 | Depths:4 | Paralysed by a floating eye for 3 turns
 36169 | Depths:4 | Noticed a golden dragon
 36183 | Depths:4 | Killed a golden dragon
 36235 | Depths:4 | Got a transparent marble ring
 36236 | Depths:4 | Identified the ring "Goirghucw" {rCorr Int+3} (You found it on level 4 of the Depths)
 36239 | Depths:4 | Got a heavily runed lead amulet
 36264 | Depths:4 | Got a sparkling tin ring
 36267 | Depths:4 | Got a scorched brass ring
 36333 | Depths:4 | Reached skill level 24 in Shields
 36590 | Depths:5 | Entered Level 5 of the Depths
 36601 | Depths:5 | Noticed Jory
 36618 | Depths:5 | Killed Jory
 36635 | Depths:5 | Received a gift from Okawaru
 36655 | Depths:5 | Identified the amulet of the Lion {Faith +Blink rElec Str+6 Dex-3} (You found it on level 4 of the Depths)
 36656 | Depths:5 | Identified the ring "Loer" {rF+ rN+} (You found it on level 4 of the Depths)
 36657 | Depths:5 | Identified the ring "Innegresh" {rC++ rN++ Int-4 SInv} (You found it on level 4 of the Depths)
 36677 | Depths:5 | Reached XP level 22. HP: 168/176 MP: 22/26
 36868 | Depths:5 | Received a gift from Okawaru
 37177 | Depths:5 | Reached skill level 1 in Stealth
 37261 | Depths:5 | Found a gate to the Realm of Zot.
 37516 | Depths:5 | Noticed a juggernaut
 37533 | Depths:5 | Killed a juggernaut
 38017 | Slime:1  | Entered Level 1 of the Pits of Slime
 38081 | Slime:1  | Gained mutation: You are very clumsy. (Dex -4) [a shining eye]
 38083 | Slime:1  | Gained mutation: Scrolls take you a little longer to read. [a shining eye]
 38085 | Slime:1  | Reached skill level 5 in Stealth
 38087 | Slime:1  | Lost mutation: Your muscles are strong. (Str +2) [a shining eye]
 38114 | Slime:1  | Gained mutation: You are weak. (Str -2) [a shining eye]
 38544 | Slime:3  | Received a gift from Okawaru
 38572 | Slime:3  | Noticed Erymatos's ghost (veteran MiBe)
 38587 | Slime:3  | Killed Erymatos's ghost
 38861 | Slime:4  | Gained mutation: Armour fits poorly on your strangely shaped body. [a shining eye]
 38864 | Slime:4  | Gained mutation: You are dopey. (Int -2) [a shining eye]
 38865 | Slime:4  | Gained mutation: You are extremely frail. (-30% HP) [a shining eye]
 39089 | Slime:5  | Entered Level 5 of the Pits of Slime
 39146 | Slime:5  | Found a viscous altar of Jiyva.
 39147 | Slime:5  | Noticed the Royal Jelly
 39187 | Slime:5  | Killed the Royal Jelly
 39187 | Slime:5  | Received a gift from Okawaru
 39202 | Slime:5  | Gained mutation: You are very weak. (Str -4) [a shining eye]
 39203 | Slime:5  | HP: 4/155 [acid (4)]
 39203 | Slime:5  | Killed from afar by an acid blob

Skill      XL: |  1  2  3  4  5  6  7  8  9 10 11 12 13 14 15 16 17 18 19 20 21 22 |
---------------+-------------------------------------------------------------------+-----
Fighting       | 4 5 7 8 9 10 11 13 14 15 16 17 19 20 21 23 | 23.9
Armour         | 4 5 6 7 9 11 12 13 14 15 16 17 18 19 | 19.8
Shields        | 4 7 10 13 14 16 18 20 22 24 | 24.7
Axes           | 3 4 5 6 7 9 11 12 14 15 16 18 | 18.4
Invocations    | 3 5 6 |  6.9
Dodging        | 2 3 10 13 | 13.3
Evocations     | 1 2 |  2.8
Stealth        | 7 |  7.6

Action                   |  1- 3 |  4- 6 |  7- 9 | 10-12 | 13-15 | 16-18 | 19-21 | 22-24 || total
-------------------------+-------+-------+-------+-------+-------+-------+-------+-------++-------
Melee: War axe           |   138 |    77 |   178 |   582 |   687 |   135 |       |       ||  1797
       Headbutt          |    16 |    17 |    22 |   119 |   326 |   328 |   446 |   151 ||  1425
       Broad axe         |       |       |       |       |   425 |  1000 |  1357 |   466 ||  3248
       Unarmed           |       |       |       |       |       |    15 |       |       ||    15
Invok: Heroism           |       |       |       |     2 |     1 |     5 |     7 |     2 ||    17
       Finesse           |       |       |       |       |     3 |     3 |     7 |     1 ||    14
 Abil: Evoke Berserk Rag |       |       |       |       |     1 |       |     5 |     1 ||     7
  Use: Scroll            |     3 |       |     1 |    12 |    18 |    10 |    26 |       ||    70
       Potion            |       |       |       |    13 |     4 |     9 |     1 |     3 ||    30
 Stab: Sleeping          |       |       |       |       |     1 |       |       |       ||     1
       Distracted        |       |       |       |       |     1 |     2 |     1 |       ||     4
       Invisible         |       |       |       |       |     1 |       |       |       ||     1
  Eat: Chunk             |     2 |     5 |     9 |    25 |    33 |    25 |    29 |     3 ||   131
       Bread ration      |       |       |     1 |       |       |     1 |       |     1 ||     3
Armor: Scale mail        |    40 |       |       |       |    87 |       |       |       ||   127
       Chain mail        |    19 |    21 |       |       |       |       |       |       ||    40
       Plate armour      |       |    24 |    83 |   223 |   232 |   434 |   430 |       ||  1426
       Gold dragon scale |       |       |       |       |       |       |   106 |   163 ||   269
Dodge: Dodged            |    31 |    20 |    30 |   144 |   252 |   341 |   387 |   115 ||  1320
Block: Shield            |    87 |    42 |    84 |   282 |   466 |   848 |  1478 |   492 ||  3779
       Large shield      |       |       |       |       |   191 |       |       |       ||   191
       Reflection        |       |       |       |       |       |    55 |    80 |     8 ||   143
       Other             |       |       |       |       |       |    11 |       |       ||    11
